 Dungeon Crawl Stone Soup version 0.29-a0-561-ga02bf68b3c (webtiles) character file.

Game seed: 9944255967102386462

5289 Nedwor the Cleaver (level 10, 0/91 HPs)
             Began as a Minotaur Berserker on June 11, 2022.
             Was a Priest of Trog.
             Succumbed to a hornet's poison
             ... on level 8 of the Dungeon.
             The game lasted 00:13:23 (9759 turns).

Nedwor the Cleaver (Minotaur Berserker)             Turns: 9759, Time: 00:13:24

Health: 0/91       AC: 16    Str: 25    XL:     10   Next: 37%
Magic:  9/9        EV:  9    Int:  4    God:    Trog [***...]
Gold:   531        SH:  0    Dex: 11    Spells: 9/9 levels left

rFire   + . .      SeeInvis .   h - +0 war axe
rCold   + . .      Faith    .   (no shield)
rNeg    . . .      Spirit   .   B - +0 plate armour
rPois   +          Reflect  .   (helmet restricted)
rElec   +          Harm     .   z - +0 cloak
rCorr   +          Rampage  .   (no gloves)
Will    .....                   t - +0 pair of boots
Stlth   ..........              (no amulet)
HPRegen 0.25/turn               p - ring of resist corrosion
MPRegen 0.11/turn               (no ring)

@: lethally poisoned (0 -> -4), resistant, hasted, very quick
A: horns 2, retaliatory headbutt
a: Renounce Religion, Berserk, Trog's Hand


You were on level 8 of the Dungeon.
You worshipped Trog.
Trog was most pleased with you.
You visited 1 branch of the dungeon, and saw 8 of its levels.

You collected 531 gold pieces.

Inventory:

Hand Weapons
 h - a +0 war axe (weapon)
Missiles
 A - 2 throwing nets (quivered)
Armour
 t - a +0 pair of boots (worn)
 z - a +0 cloak (worn)
 B - a +0 plate armour (worn)
Jewellery
 n - an amulet of guardian spirit
 p - a ring of resist corrosion (left hand)
 r - an amulet of magic regeneration
 s - a ring of ice
Wands
 m - a wand of polymorph (17)
 o - a wand of iceblast (12)
 w - a wand of charming (7)
Scrolls
 c - 3 scrolls of identify
 e - 2 scrolls of blinking
 f - 4 scrolls of enchant armour
 v - a scroll of fog {unknown}
 x - a scroll of fear {unknown}
 y - a scroll of teleportation
Potions
 a - 2 potions of berserk rage
 b - a potion of degeneration
 d - 6 potions of might
 g - 4 potions of flight
 k - 2 potions of magic
 q - 3 potions of lignification
 u - a potion of mutation


   Skills:
 + Level 9.1 Fighting
 * Level 12.2 Axes
 + Level 8.6 Armour
 + Level 7.9 Dodging


You had 9 spell levels left.
You didn't know any spells.
Your spell library was empty.

Dungeon Overview and Level Annotations

Branches:
Dungeon (8/15)             Temple (0/1) D:6
   Lair: D:8-11

Altars:
Qazlal
Ru
Zin
The Shining One

Shops:
D:7 (


Innate Abilities, Weirdness & Mutations

You have a pair of horns on your head.
You reflexively headbutt those who attack you in melee.


Message History

The hornet is severely wounded.
You feel very sick. The hornet stings you.
You are more poisoned.
You feel as though you will be slow longer.
The hornet stings you but does no damage.
You slash the hornet!
The hornet is almost dead.
You feel extremely sick. The hornet stings you.
* * * LOW HITPOINT WARNING * * *
You are lethally poisoned!
You suddenly lose the ability to move!
The hornet barely misses you.
* * * LOW HITPOINT WARNING * * *
You feel very sick.
The hornet stings you but does no damage. x2
You can move again.
You closely miss the hornet.
The hornet is almost dead.
* * * LOW HITPOINT WARNING * * *
You feel extremely sick.
The hornet stings you but does no damage. x2
You slice the hornet!!
You kill the hornet!
Trog accepts your kill.
You feel yourself speed up.
* * * LOW HITPOINT WARNING * * *
You feel very sick.
* * * LOW HITPOINT WARNING * * *
You feel sick.
You see here a hornet corpse.
You feel protected.
* * * LOW HITPOINT WARNING * * *
You feel sick.
It was a potion of haste.
You feel yourself speed up.
* * * LOW HITPOINT WARNING * * *
You feel sick.
* * * LOW HITPOINT WARNING * * *
You feel sick.
You die...

.'.....# .#####.########
............... #######.##..##. #
####........ # #.....####### ####
# #.#.†.#.....♣ ♣...♣ ####.#...#
♣.♣♣..♣ ...#.#...#. ♣..@♣
##.#..[..#.♣♣♣.♣♣..♣
.#...##..#.[...♣ ♣...♣
.###.##..###.### ######## ###
.###.##..# ♣.♣ ♣♣.♣♣♣#.#♣♣♣.♣♣ ♣
...#.##..#♣♣.♣♣#♣.♣.♣#.#)#♣.♣.♣#♣
<#.#.##..#..♣....♣♣♣).#8#}.♣♣♣...
.#.#.....#♣♣)♣♣#♣.♣.♣#.#.#♣.♣.♣#♣
.#.###...# ♣.♣ ♣♣[♣♣♣#.#♣♣♣.♣♣ ♣


There were no monsters in sight!

Vanquished Creatures
  An ugly thing (D:8)
  Maggie (D:8)
  A kobold demonologist (D:8)
  A polar bear (shapeshifter) (D:8)
  Grinder (D:4)
  A hornet (D:8)
  A wyvern (D:8)
  A steam dragon (D:8)
  Menkaure (D:7)
  Duvessa (D:7)
  4 water moccasins
  3 orc warriors
  2 sky beasts
  3 black bears
  A centaur (D:8)
  A phantom (D:7)
  2 bullfrogs
  2 necrophages
  3 scorpions
  A gnoll sergeant (D:7)
  5 wights (D:8)
  Dowan (D:7)
  4 killer bees (D:8)
  A howler monkey (D:3)
  The ghost of paps the Caller, a weakling OpSu (D:3)
  6 hounds
  3 jellies
  2 orc priests (D:8)
  A gnoll shaman (D:4)
  5 iguanas
  7 orc wizards
  Robin (D:4)
  10 gnolls
  6 adders
  A white imp (D:8)
  2 ufetubi (D:4)
  A worm (D:2)
  4 dart slugs
  26 orcs
  6 endoplasms
  4 giant cockroaches
  13 goblins
  8 hobgoblins
  2 jackals (D:1)
  4 kobolds
  7 quokkas
  5 ball pythons
  5 bats
  2 frilled lizards
  7 rats
182 creatures vanquished.

Vanquished Creatures (others)
  5 plants
  8 withered plants (D:1)
13 creatures vanquished.

Grand Total: 195 creatures vanquished

Notes
Turn   | Place    | Note
-------+----------+-------------------------------------------
     0 | D:1      | Nedwor the Minotaur Berserker began the quest for the Orb.
     0 | D:1      | Reached XP level 1. HP: 19/19 MP: 0/0
   234 | D:1      | Reached skill level 4 in Axes
   234 | D:1      | Reached XP level 2. HP: 22/27 MP: 1/1
   506 | D:1      | Found a faded altar of an unknown god.
   881 | D:1      | Reached XP level 3. HP: 33/33 MP: 2/2
  1504 | D:2      | Reached ** piety under Trog
  1851 | D:2      | Reached XP level 4. HP: 40/40 MP: 3/3
  1877 | D:3      | Noticed paps's ghost (weakling OpSu)
  1915 | D:3      | Found a runed translucent door.
  1934 | D:3      | Killed paps's ghost
  1935 | D:3      | Reached skill level 5 in Axes
  2150 | D:4      | Noticed Robin
  2150 | D:4      | Noticed a black bear
  2160 | D:4      | Killed a black bear
  2161 | D:4      | Reached XP level 5. HP: 47/47 MP: 4/4
  2161 | D:4      | Killed Robin
  2284 | D:4      | Noticed Grinder
  2297 | D:4      | Paralysed by Grinder for 5 turns
  2311 | D:4      | Reached skill level 6 in Axes
  2311 | D:4      | Reached XP level 6. HP: 18/55 MP: 5/5
  2317 | D:4      | Killed Grinder
  2318 | D:4      | Reached skill level 5 in Fighting
  2570 | D:4      | Reached XP level 7. HP: 53/61 MP: 6/6
  2621 | D:3      | Found a stormy altar of Qazlal.
  2717 | D:3      | Reached skill level 7 in Axes
  3266 | D:4      | Found a glowing golden altar of the Shining One.
  3350 | D:4      | Reached skill level 5 in Armour
  3818 | D:5      | Entered Level 5 of the Dungeon
  3831 | D:5      | Reached *** piety under Trog
  4283 | D:5      | Reached XP level 8. HP: 61/70 MP: 7/7
  4284 | D:5      | Reached skill level 8 in Axes
  4284 | D:5      | Reached skill level 5 in Dodging
  5212 | D:6      | Found a staircase to the Ecumenical Temple.
  5826 | D:6      | Reached skill level 9 in Axes
  6343 | D:6      | Identified the +8 spear of Nedwor's Anguish {venom, *Slow
                  | rC+++ Str+5 Dex-3}
  6439 | D:6      | Found a glowing silver altar of Zin.
  6439 | D:6      | Found a sacrificial altar of Ru.
  6610 | D:7      | Reached XP level 9. HP: 54/79 MP: 8/8
  6796 | D:7      | Noticed Dowan
  6799 | D:7      | Noticed Duvessa
  6802 | D:7      | Killed Dowan
  6811 | D:7      | Killed Duvessa
  7194 | D:7      | Reached skill level 10 in Axes
  7289 | D:7      | Noticed Menkaure
  7302 | D:7      | Killed Menkaure
  7608 | D:7      | Found Igoazxewn's Weapon Emporium.
  8373 | D:8      | Reached skill level 11 in Axes
  8825 | D:8      | Noticed a brown ugly thing
  8836 | D:8      | Killed a brown ugly thing
  8905 | D:8      | Noticed a polar bear
  8906 | D:8      | Reached XP level 10. HP: 68/90 MP: 9/9
  9552 | D:8      | Noticed Maggie
  9578 | D:8      | Killed Maggie
  9579 | D:8      | Reached skill level 12 in Axes
  9748 | D:8      | Paralysed by a hornet for 1 turns
  9750 | D:8      | Paralysed by a hornet for 2 turns
  9755 | D:8      | HP: 3/91 [poisoned by a hornet]
  9756 | D:8      | HP: 1/91 [poisoned by a hornet]
  9759 | D:8      | Succumbed to a hornet's poison

Illustrated notes

Levels and vault maps discovered:
D:1:      dpeg_arrival_fog, layout_rooms, ebering_ecumenical_altar_petrified
D:2:      layout_loops_ring
D:3:      layout_basic, old_standard_altar, hellmonk_ghost_happy_afterlife,
          serial_shops, nicolae_shop_trees, minmay_ruptured
D:4:      layout_loops_ring, tso_oasis_becter, grunt_ministairs_7,
          bh_walls_and_bars, uniq_grinder, uniq_robin
D:5:      layout_basic
D:6:      layout_basic, gammafunk_temple_overflow_elements,
          minmay_temple_entry_tees, minmay_fountain_box, minivault_23
D:7:      layout_rooms, serial_shops, nicolae_stop_n_shop_2, uniq_menkaure,
          uniq_duvessa
D:8:      nzn_winding_woodlands_medium [nzn_winding_woodlands_5x5_checkerboard,
          nzn_winding_woodlands_5x15_sidewinder,
          nzn_winding_woodlands_5x5_default, nzn_winding_woodlands_5x5_cross,
          nzn_winding_woodlands_center_diamonds,
          nzn_winding_woodlands_5x5_open_star,
          nzn_winding_woodlands_5x5_perimeter, nzn_winding_woodlands_5x15_twine,
          nzn_winding_woodlands_5x5_three], layout_basic,
          nicolae_zen_rock_garden, kennysheep_generic_room_5, uniq_maggie

Skill      XL: |  1  2  3  4  5  6  7  8  9 10 |
---------------+-------------------------------+-----
Axes           | 4 5 6 7 9 11 12 | 12.2
Fighting       | 4 5 6 7 8 9 |  9.1
Armour         | 3 4 5 6 8 |  8.6
Dodging        | 3 4 6 7 |  7.9

Action                   |  1- 3 |  4- 6 |  7- 9 | 10-12 || total
-------------------------+-------+-------+-------+-------++-------
Melee: Hand axe          |    35 |       |       |       ||    35
       Headbutt          |    19 |     6 |    50 |    16 ||    91
       War axe           |    57 |    55 |   276 |    49 ||   437
       Punch             |       |       |     5 |       ||     5
Invok: Berserk           |       |     2 |     7 |     1 ||    10
       Trog's Hand       |       |     1 |     1 |       ||     2
  Use: Scroll            |     9 |       |     8 |       ||    17
       Potion            |       |       |       |     2 ||     2
 Stab: Sleeping          |     1 |       |       |       ||     1
Armor: Animal skin       |    10 |       |       |       ||    10
       Chain mail        |    28 |    28 |   163 |    22 ||   241
       Plate armour      |       |       |       |     9 ||     9
Dodge: Dodged            |    39 |    19 |   145 |    28 ||   231

Table legend: (Time is in decaauts)
 A = Elapsed time spent in this place.
 B = Non-inter-level travel time spent in this place.
 C = Inter-level travel time spent in this place.
 D = Time resting spent in this place.
 E = Time spent auto-exploring this place.
 F = Levels seen in this place.
 G = Mean time per level.
                   A        B        C        D        E       F      G
               +--------+--------+--------+--------+--------+-----+--------+
         Total |   9898 |   9539 |    359 |   2247 |   6039 |   8 | 1237.2 |
       Dungeon |   9898 |   9539 |    359 |   2247 |   6039 |   8 | 1237.2 |
               +--------+--------+--------+--------+--------+-----+--------+

Top non-repeatable levels by time:
     D:8: 2014 daAuts
     D:6: 1545 daAuts
     D:4: 1292 daAuts
     D:5: 1261 daAuts
     D:7: 1191 daAuts
     D:1: 1124 daAuts
     D:2: 759 daAuts
     D:3: 710 daAuts
